 Dungeon Crawl Stone Soup version 0.30-a0-737-gf23d94013f (webtiles) character file.

Game seed: 4247473092589789099

98 jimonade the Shooter (level 4, -6/25 HPs)
             Began as a Deep Elf Hunter on Feb 2, 2023.
             Mangled by an iguana (9 damage)
             ... on level 3 of the Dungeon.
             The game lasted 00:03:51 (2014 turns).

jimonade the Shooter (Deep Elf Hunter)              Turns: 2014, Time: 00:03:52

Health: -6/25      AC:  5    Str:  8    XL:     4   Next: 43%
Magic:  6/6        EV: 12    Int: 14    God:
Gold:   220        SH:  0    Dex: 20    Spells: 3/3 levels left

rFire   + . .      SeeInvis .    a - +0 shortbow
rCold   + . .      Faith    .    (shield currently unavailable)
rNeg    . . .      Spirit   .    c - +0 leather armour
rPois   .          Reflect  .    k - +0 helmet
rElec   .          Harm     .    j - scarf {rC+ rF+}
rCorr   .          Rampage  .    (no gloves)
Will    .....                    o - +0 pair of boots
Stlth   ++                       (no amulet)
HPRegen 0.24/turn                (no ring)
MPRegen 0.10/turn                (no ring)

@: no status effects
A: no striking features
a: no special abilities


You were on level 3 of the Dungeon.
You visited 1 branch of the dungeon, and saw 3 of its levels.

You collected 220 gold pieces.

Inventory:

Hand Weapons
 a - a +0 shortbow (weapon)
 h - a +0 dagger
Armour
 c - a +0 leather armour (worn)
 g - a +0 ring mail
 i - a +1 ring mail of cold resistance
 j - a scarf of resistance (worn)
 k - a +0 helmet (worn)
 o - a +0 pair of boots (worn)
Scrolls
 b - a scroll of immolation
 e - 2 scrolls of enchant armour {unknown}
 m - a scroll of identify
 n - a scroll of silence {unknown}
Potions
 d - a potion of heal wounds
 f - 3 potions of cancellation {unknown}
 l - a potion of brilliance {unknown}


   Skills:
 + Level 1.6 Fighting
 * Level 7.5 Ranged Weapons
 + Level 0.7 Armour
 + Level 2.6 Dodging
 + Level 1.3 Stealth


You had 3 spell levels left.
You didn't know any spells.
Your spell library contained the following spells:

 Spells                   Type           Power      Damage    Failure   Level
 Vhi's Electric Charge    Tloc/Air       0%         N/A       77%         3
 Arcjolt                  Conj/Air       0%         1d10      100%        5
 Maxwell's Capacitive Co  Air            0%         ∞         100%        8


Dungeon Overview and Level Annotations

Branches:
Dungeon (3/15)

Altars:
Gozag

Shops:
D:2 (


Message History

An iguana comes into view.
You shoot an arrow. The arrow barely misses the goblin.
You shoot an arrow. The arrow hits the goblin.
The goblin is severely wounded.
You shoot an arrow. The arrow barely misses the goblin.
The goblin barely misses you.
You shoot an arrow. The arrow hits the goblin!
You kill the goblin!
The iguana bites you.
You shoot an arrow.
The arrow hits the iguana but does no damage.
The iguana bites you but does no damage.
You shoot an arrow. The arrow barely misses the iguana.
The iguana bites you but does no damage.
The iguana barely misses you.
You shoot an arrow. The arrow barely misses the iguana.
The iguana bites you!
Ouch! That really hurt!
You are too injured to fight recklessly!
You are too injured to fight recklessly!
You are too injured to fight recklessly!
Fire: a) +0 shortbow
Press: ? - help, Q - select action Shift-Dir - straight line, f/p - iguana
Aim: an iguana (69% to hit)
You shoot an arrow. The arrow hits the iguana!
The iguana is heavily wounded.
The iguana closely misses you.
Fire: a) +0 shortbow
Press: ? - help, Q - select action Shift-Dir - straight line, f/p - iguana
Aim: an iguana (heavily wounded, 69% to hit)
You shoot an arrow.
The arrow hits the iguana but does no damage.
The iguana is heavily wounded.
The iguana bites you!
* * * LOW HITPOINT WARNING * * *
Fire: a) +0 shortbow
Press: ? - help, Q - select action Shift-Dir - straight line, f/p - iguana
Aim: an iguana (heavily wounded, 69% to hit)
You shoot an arrow. The arrow closely misses the iguana.
The iguana bites you!
You die...

#..................
#..##...#....####..
#.# #...#....#
#.###..##....#
#.....[###.....
#.....## #...#..
#...### #...#...
#.#### ##..# ..
#.@..# #.l)....#
#.........
#.........
#.###†#### #.# ..
#.# .. #. .$.


You could see an iguana.

Vanquished Creatures
  Terence (D:3)
  3 adders (D:2)
  A worm (D:2)
  A dart slug (D:1)
  8 ball pythons
  5 endoplasms
  4 giant cockroaches
  6 goblins
  3 hobgoblins
  2 quokkas (D:2)
  2 frilled lizards (D:3)
  A kobold (D:3)
  2 rats (D:2)
39 creatures vanquished.

Notes
Turn   | Place    | Note
-------+----------+-------------------------------------------
     0 | D:1      | jimonade the Deep Elf Hunter began the quest for the Orb.
     0 | D:1      | Reached XP level 1. HP: 12/12 MP: 3/3
   237 | D:1      | Reached XP level 2. HP: 16/16 MP: 4/4
   307 | D:1      | Reached skill level 6 in Ranged Weapons
   445 | D:1      | Found a faded altar of an unknown god.
   804 | D:2      | Found Ufimol's Weapon Shop.
   876 | D:2      | Reached XP level 3. HP: 6/20 MP: 5/5
  1057 | D:2      | Reached skill level 7 in Ranged Weapons
  1735 | D:2      | You fall into a shaft and drop 1 floor!
  1743 | D:3      | Found an opulent altar of Gozag.
  1789 | D:3      | Reached XP level 4. HP: 25/25 MP: 6/6
  1875 | D:3      | Noticed Terence
  1890 | D:3      | Killed Terence
  2014 | D:3      | Mangled by an iguana

Illustrated notes

Levels and vault maps discovered:
D:1:      elethiomel_arrival_quiet, layout_basic,
          dreamdust_ecumenical_altar_angels_and_demons
D:2:      layout_basic, serial_shops, nicolae_shop_hallway_plus
D:3:      minmay_recursive_quarters, layout_basic,
          nicolae_gozag_cash_rules_everything_around_me,
          nicolae_concentric_dashed_squares_wild, cheibrodos_gnoll_hut,
          uniq_terence

Skill      XL: |  1  2  3 |
---------------+----------+-----
Ranged Weapons | 6 7 |  7.5
Fighting       | |  1.6
Armour         | |  0.7
Dodging        | |  2.6
Stealth        | |  1.3

Action                     |  1- 3 |  4- 6 || total
---------------------------+-------+-------++-------
   Fire: Shortbow          |    88 |    34 ||   122
    Use: Scroll            |     1 |       ||     1
         Potion            |     1 |       ||     1
 Armour: Leather armour    |    13 |     6 ||    19
  Dodge: Dodged            |    29 |     7 ||    36

Table legend: (Time is in decaauts)
 A = Elapsed time spent in this place.
 B = Non-inter-level travel time spent in this place.
 C = Inter-level travel time spent in this place.
 D = Time resting spent in this place.
 E = Time spent auto-exploring this place.
 F = Levels seen in this place.
 G = Mean time per level.
                   A        B        C        D        E       F      G
               +--------+--------+--------+--------+--------+-----+--------+
         Total |   2040 |   1929 |    111 |    227 |   1299 |   3 |  680.0 |
       Dungeon |   2040 |   1929 |    111 |    227 |   1299 |   3 |  680.0 |
               +--------+--------+--------+--------+--------+-----+--------+

Top non-repeatable levels by time:
     D:2: 1010 daAuts
     D:1: 744 daAuts
     D:3: 285 daAuts
